cohdb
Replays
Latest Replays
All Replays
Popular Replays
Top Player Replays
Match Explorer
How It Works
Community
CoH3 Stats
Reddit
Sign in to upload your games and track your stats! →
Sign in with Steam
Match 43505633
Unlisted
Match 43505633
Overview
Messages
Build Orders
End
Kradschützen Motorcycle Team
Selects Armored Support Battlegroup
Panzergrenadier Squad
Panzergrenadier Squad
Construct Light Support Kompanie
MG34 Team
Panzerjäger Squad
Selects Veteran Gunners
Fire Support Elements
Mellankrigarn
Orb
Der Guckler
killall
REDCRAUN
Gachi Milligan
0
0
Comments
sign in to comment!
No comments posted yet!